Map: Jagannatha LE

Players

EnDerr - Winner!

  • Race: Zerg Zerg
  • Spawn Location: 1:00

TeebuL

  • Race: Protoss Protoss
  • Spawn Location: 7:00

Event: DreamHack SC2 Masters 2020 Winter

VOD

Have the link to the VOD?

Description

Time

  • Played on: Oct. 21, 2020, 6:23 a.m.
  • Length: 9:42

All games in this series

Show
View Real Time Build Order
Export as new Build Order

EnDerr Zerg - Winner!

Build Orders: Pool First 

Get SALT Encoding   

  12  0:00  Drone  
  13  0:12  Overlord  
  13  0:17  Drone  
  14  0:30  Drone  
  14  0:31  Drone  
  16  0:42  Spawning Pool  
  15  0:43  Extractor  
  15  0:46  Drone  
  15  0:51  Drone  
  16  0:58  Drone  
  17  1:08  Drone  
  18  1:23  Hatchery  
  17  1:29  Zergling x2  
  18  1:37  Queen  
  20  1:44  Metabolic Boost  
  20  1:52  Overlord  
  20  1:56  Drone  
  21  2:02  Drone  
  22  2:12  Queen  
  24  2:18  Drone x2  
  26  2:32  Drone  
  27  2:38  Drone x2  
  29  2:45  Zergling x4  
  29  2:46  Zergling x2  
  31  2:54  Hatchery  
  30  2:59  Overlord  
  30  3:02  Drone  
  30  3:05  Drone  
  32  3:11  Drone x3  
  35  3:19  Zergling x4  
  37  3:21  Zergling x4  
  39  3:29  Spore Crawler  
  39  3:30  Queen  
  40  3:36  Overlord  
  40  3:40  Drone  
  40  3:41  Drone  
  42  3:51  Drone  
  42  3:53  Overlord  
  43  3:58  Drone x6  
  43  4:01  Spore Crawler  
  43  4:02  Drone  
  49  4:06  Pneumatized Carapace  
  48  4:14  Queen  
  50  4:18  Drone x3  
  50  4:21  Drone  
  54  4:28  Overlord  
  54  4:29  Drone x3  
  57  4:34  Drone  
  57  4:35  Drone x2  
  60  4:39  Overlord  
  60  4:41  Drone  
  61  4:46  Lair  
  61  4:47  Overlord  
  61  4:48  Drone  
  61  4:50  Drone  
  61  4:56  Drone  
  61  4:58  Roach Warren  
  61  5:05  Overlord  
  61  5:10  Zergling x2  
  61  5:12  Zergling x8  
  61  5:13  Zergling x6  
  61  5:14  Zergling x4  
  69  5:19  Overlord  
  67  5:22  Overlord  
  67  5:24  Evolution Chamber, Overlord  
  67  5:27  Spore Crawler  
  65  5:29  Drone  
  65  5:31  Drone  
  65  5:33  Drone  
  65  5:34  Drone x2  
  68  5:37  Queen  
  68  5:39  Drone x2  
  68  5:40  Drone  
  68  5:42  Overlord  
  73  5:44  Drone x2  
  73  5:46  Drone  
  76  5:50  Zerg Missile Weapons Level 1  
  76  5:51  Extractor  
  76  5:52  Extractor x2  
  76  5:53  Drone, Extractor  
  76  5:54  Drone  
  76  5:55  Drone  
  74  6:00  Drone  
  74  6:02  Drone  
  74  6:03  Drone  
  72  6:11  Extractor  
  72  6:12  Queen  
  72  6:17  Hydralisk Den  
  72  6:20  Queen  
  72  6:23  Drone x3  
  72  6:24  Drone x4  
  72  6:25  Drone, Overlord x2  
  82  6:40  Overlord x2  
  82  6:43  Drone  
  82  6:46  Grooved Spines, Hydralisk  
  82  6:47  Nydus Network, Hydralisk x3  
  83  6:51  Queen  
  83  6:53  Hydralisk x2  
  94  6:56  Overseer  
  94  7:00  Hydralisk x2  
  94  7:09  Hydralisk x3  
  94  7:13  Queen  
  94  7:14  Queen  
  104  7:16  Overlord  
  104  7:18  Hydralisk  
  106  7:29  Nydus Canal, Hydralisk x4  
  114  7:39  Hydralisk x3  
  120  7:45  Hydralisk x2  
  124  7:52  Nydus Canal, Hydralisk  
  124  7:55  Hydralisk  
  124  7:58  Hydralisk  
  124  8:02  Hydralisk  
  120  8:06  Queen x2  
  120  8:08  Hydralisk x2  
  120  8:10  Queen  
  120  8:12  Hydralisk  
  126  8:15  Hydralisk  
  126  8:17  Hydralisk  
  130  8:21  Hydralisk  
  130  8:23  Hydralisk  
  130  8:27  Overlord, Hydralisk  
  134  8:30  Hydralisk  
  134  8:32  Hydralisk  
  140  8:36  Hydralisk  
  140  8:39  Hydralisk  
  142  8:41  Hydralisk  
  142  8:44  Hydralisk  
  146  8:48  Queen  
  146  8:52  Queen  
  146  8:53  Queen  
  152  8:56  Nydus Canal  
  152  8:57  Hydralisk  
  152  9:00  Hydralisk x2  
  158  9:05  Hydralisk  
  158  9:08  Hydralisk  
  160  9:10  Hydralisk x2  
  160  9:13  Hydralisk  
  160  9:17  Hydralisk  
Show
View Real Time Build Order
Export as new Build Order

TeebuL Protoss 

Build Orders: 1 Gate Expand, Oracle Opening 

Get SALT Encoding   

  12  0:00  Probe  
  13  0:12  Probe  
  14  0:20  Pylon  
  14  0:24  Probe  
  15  0:38  Probe (Chrono Boost)  
  15  0:40  Gateway  
  16  0:49  Assimilator, Probe (Chrono Boost)  
  17  0:54  Probe (Chrono Boost)  
  18  1:04  Probe  
  19  1:16  Probe  
  20  1:24  Nexus  
  20  1:34  Cybernetics Core  
  20  1:36  Probe  
  21  1:43  Pylon  
  21  1:53  Probe  
  22  2:04  Assimilator  
  22  2:05  Probe  
  22  2:08  Adept (Chrono Boost)  
  24  2:18  Probe  
  25  2:30  Probe  
  25  2:31  Stargate  
  25  2:33  Shield Battery  
  25  2:38  Stalker (Chrono Boost), Probe  
  25  2:42  Probe  
  29  2:51  Warp Gate  
  29  2:52  Probe  
  29  2:57  Probe  
  33  3:06  Probe  
  33  3:10  Probe  
  33  3:14  Oracle (Chrono Boost)  
  33  3:19  Probe  
  35  3:20  Pylon  
  35  3:22  Shield Battery  
  35  3:23  Probe  
  36  3:28  Adept  
  36  3:33  Probe  
  39  3:35  Probe  
  40  3:45  Probe  
  40  3:46  Oracle (Chrono Boost)  
  40  3:47  Probe  
  45  3:57  Probe  
  45  3:58  Assimilator, Pylon  
  45  3:59  Probe  
  45  4:00  Assimilator  
  45  4:02  Adept  
  49  4:06  Pylon  
  49  4:09  Probe  
  50  4:11  Probe  
  51  4:17  Void Ray  
  51  4:21  Probe  
  51  4:23  Probe  
  57  4:33  Probe  
  57  4:35  Probe  
  57  4:36  Gateway  
  59  4:40  Adept  
  62  4:45  Probe  
  62  4:46  Stargate  
  62  4:48  Probe  
  63  4:57  Probe, Void Ray (Chrono Boost)  
  64  5:00  Probe  
  69  5:09  Probe  
  69  5:13  Adept  
  70  5:15  Probe  
  70  5:18  Pylon x2  
  68  5:22  Protoss Air Weapons Level 1  
  66  5:30  Void Ray (Chrono Boost)  
  66  5:34  Nexus  
  66  5:35  Pylon  
  70  5:40  Void Ray (Chrono Boost)  
  70  5:44  Pylon  
  70  5:48  Probe x2  
  76  5:54  Adept x2  
  80  6:01  Shield Battery  
  78  6:04  Void Ray (Chrono Boost)  
  78  6:09  Probe  
  74  6:14  Void Ray (Chrono Boost)  
  74  6:16  Probe  
  83  6:22  Nexus, Adept  
  83  6:23  Adept  
  87  6:26  Shield Battery  
  87  6:28  Probe  
  87  6:30  Probe  
  89  6:37  Twilight Council  
  89  6:40  Probe  
  89  6:42  Forge  
  90  6:47  Probe  
  90  6:53  Probe  
  92  6:59  Gateway  
  92  7:00  Gateway x2  
  91  7:10  Probe  
  91  7:12  Pylon  
  91  7:14  Charge (Chrono Boost), Protoss Ground Weapons Level 1  
  92  7:17  Templar Archives  
  92  7:20  Photon Cannon, Zealot, Sentry  
  92  7:22  Shield Battery  
  96  7:37  Gateway  
  96  7:38  Gateway  
  96  7:39  Gateway  
  96  7:46  Zealot x2  
  96  7:50  Photon Cannon  
  100  7:52  Shield Battery  
  100  7:59  Zealot x3  
  100  8:07  Probe  
  100  8:08  Zealot x2  
  100  8:09  Probe  
  103  8:21  Photon Cannon, Pylon  
  103  8:22  Zealot x2  
  103  8:24  Photon Cannon  
  103  8:30  High Templar x2  
  103  8:31  High Templar  
  109  8:36  Archon  
  109  8:53  Pylon  
  109  8:55  Pylon  
  105  8:59  Gateway  
  105  9:00  Gateway  
  99  9:04  Gateway  
  99  9:06  Assimilator  
  99  9:08  Assimilator  
  99  9:20  High Templar  
  93  9:33  Archon  
Tags
 
Add a new tag
Caveats
  • Supply blocks, unpowered buildings, or Contaminate may cause inaccurate times.
  • Supply counts are checked every 10 seconds.